 Dungeon Crawl Stone Soup version 0.22.0 (webtiles) character file.

112 Gorglomux the Caller (level 4, 0/36 HPs)
             Began as a Demigod Summoner on Aug 11, 2018.
             Slain by a hound (3 damage)
             ... on level 4 of the Dungeon.
             The game lasted 00:04:00 (3917 turns).

Gorglomux the Caller (Demigod Summoner)             Turns: 3917, Time: 00:04:01

Health: 0/36       AC:  2    Str: 11    XL:     4   Next: 37%
Magic:  7/10       EV: 12    Int: 21    God:
Gold:   70         SH:  0    Dex: 16    Spells: 2/8 levels left

rFire    . . .     SeeInvis .   Q - -3 war axe (curse)
rCold    . . .     Gourm    .   (no shield)
rNeg     . . .     Faith    .   a - +0 robe
rPois    .         Spirit   .   (no helmet)
rElec    .         Reflect  .   (no cloak)
rCorr    .         Harm     .   (no gloves)
MR       .....                  (no boots)
Stlth    +.........             (no amulet)
HPRegen  0.12/turn              Y - ring of attention (curse)
MPRegen  0.12/turn              (no ring)

@: no status effects
A: high mp 1
a: no special abilities


You were on level 4 of the Dungeon.
You were not hungry.

You visited 1 branch of the dungeon, and saw 4 of its levels.

You collected 70 gold pieces.

Inventory:

Hand Weapons
 h - a +0 whip
 Q - a cursed -3 war axe (weapon)
Missiles
 Z - a throwing net (quivered)
Armour
 a - a +0 robe (worn)
Jewellery
 Y - a cursed ring of attention (left hand)
Scrolls
 e - 2 scrolls of identify {unknown}
 f - a scroll of fear {unknown}
 g - 3 scrolls of remove curse {unknown}
 P - a scroll of enchant weapon {unknown}
 R - a scroll of teleportation {unknown}
 S - a scroll of random uselessness {unknown}
 U - 2 scrolls of magic mapping {unknown}
 V - a scroll of noise {unknown}
 X - a scroll of immolation {unknown}
Potions
 i - a potion of degeneration {unknown}
 O - 2 potions of curing {unknown}
 T - a potion of heal wounds {unknown}
 W - 2 potions of ambrosia {unknown}
Comestibles
 c - 8 rations
 N - 2 chunks of flesh


   Skills:
 + Level 2.1 Fighting
 - Level 1.7 Dodging
 - Level 1.7 Stealth
 + Level 2.7 Spellcasting
 + Level 4.3 Summonings


You had 2 spell levels left.
You knew the following spells:

 Your Spells              Type           Power        Failure   Level  Hunger
a - Summon Small Mammal   Summ           ###.         2%          1    None
b - Call Imp              Summ           ###.....     3%          2    ##.....
c - Call Canine Familiar  Summ           ###.....     7%          3    ###....

Your spell library contained the following spells:

 Spells                   Type           Power        Failure   Level  Hunger
 Summon Ice Beast         Ice/Summ       ##......     50%         4    ####...
 Summon Lightning Spire   Summ/Air       ##......     50%         4    ####...
 Summon Guardian Golem    Hex/Summ       ##......     17%         3    ###....


Dungeon Overview and Level Annotations

Branches:
Dungeon (4/15)
 Temple: D:4-7


Innate Abilities, Weirdness & Mutations

You have an increased reservoir of magic. (+10% MP)


Message History

The howler monkey is severely wounded!
You barely miss the hound! The hound barely misses you!
The howler monkey barely misses you! The hound barely misses you!
Casting: Call Canine Familiar (safe; 7% risk of failure)
Confirm with ! or Enter, or press ? or * to list all spells!
The hound bites you! The howler monkey hits you! The hound bites you!
The howler monkey hoots and butts with incredible vigour!!!
You butt an angry butts!
Unknown command!
Your hound barely misses the howler monkey!
The hound bites you! * * * don'butt die
* * * The hound bites you! * * * butt't die
* * * Your hound barely misses the howler monkey!
The howler monkey hits you! * * * don't butt
* * * Your hound bites the howler monkey but does butt damage!
The hound bites you! rip

#...... #... .. #..##..
#..''.. #..##.. #..# ..
##############..##..
###............(.(..##
#....@................
#....#hhh...).###..(..
####....#.........))(....
#......<##+#.....###.....
#.##....#..#.#######.....
#........................
#..........#.#########...
#######.#..#.# #...
#....#.# #...


You could see a howler monkey, a hound and a friendly hound.

Vanquished Creatures
  A dart slug (D:2)
  A leopard gecko (D:1)
  3 orcs
  A giant cockroach (D:1)
  3 goblins
  A hobgoblin (D:3)
  2 jackals (D:3)
  2 quokkas
  4 bats
  A frilled lizard (D:1)
  4 kobolds
  3 rats
26 creatures vanquished.

Vanquished Creatures (collateral kills)
  An ogre (D:4)
  A worker ant zombie (D:2)
  2 adders (D:2)
  A worm (D:2)
  A dart slug (D:2)
  2 orcs (D:4)
  A ball python (D:1)
  4 hobgoblins
  7 jackals
  2 kobolds (D:1)
  A bat (D:2)
  2 frilled lizards
  A goblin (D:2)
  A quokka skeleton (D:4)
  A rat (D:1)
28 creatures vanquished.

Grand Total: 54 creatures vanquished

Notes
Turn   | Place    | Note
-------+----------+-------------------------------------------
     0 | D:1      | Gorglomux the Demigod Summoner began the quest for the Orb.
     0 | D:1      | Reached XP level 1. HP: 14/14 MP: 5/5
    85 | D:1      | Found a shimmering altar of Xom.
   788 | D:1      | Reached XP level 2. HP: 16/22 MP: 2/7
  1485 | D:2      | Reached skill level 1 in Fighting
  1546 | D:2      | Learned a level 2 spell: Call Imp
  1613 | D:2      | Found a stormy altar of Qazlal.
  1804 | D:2      | Reached skill level 4 in Summonings
  1804 | D:2      | Reached XP level 3. HP: 5/28 MP: 2/9
  3459 | D:3      | Found a blossoming altar of Fedhas.
  3736 | D:4      | Noticed an ogre
  3783 | D:4      | Killed an ogre
  3783 | D:4      | Reached XP level 4. HP: 36/36 MP: 0/10
  3788 | D:4      | Learned a level 3 spell: Call Canine Familiar
  3917 | D:4      | Slain by a hound

Skill      XL: |  1  2  3 |
---------------+----------+-----
Spellcasting   | 2 |  2.7
Fighting       | 1 2 |  2.1
Summonings     | 4 |  4.3
Dodging        | |  1.7
Stealth        | |  1.7

Action                   |  1- 3 |  4- 6 || total
-------------------------+-------+-------++-------
Melee: Unarmed           |    23 |       ||    23
       Whip              |   117 |       ||   117
       War axe           |     8 |     7 ||    15
 Cast: Summon Small Mamm |    61 |       ||    61
       Call Imp          |    19 |       ||    19
       Call Canine Famil |       |     3 ||     3
 Stab: Sleeping          |     1 |       ||     1
  Eat: Chunk             |    10 |     1 ||    11
Armor: Robe              |    27 |     1 ||    28
Dodge: Dodged            |   132 |    17 ||   149
